 Dungeon Crawl Stone Soup version 0.22-a0-373-gab1296c (webtiles) character file.

520 ohad the Slasher (level 7, -4/50 HPs)
             Began as a Demonspawn Gladiator on Apr 25, 2018.
             Slain by a gnoll
             ... wielding a +1 whip of electrocution
              (20 damage)
             ... on level 4 of the Dungeon.
             The game lasted 00:07:17 (4904 turns).

ohad the Slasher (Demonspawn Gladiator)             Turns: 4904, Time: 00:07:18

Health: -4/50      AC: 16    Str: 15    XL:     7   Next: 1%
Magic:  7/7        EV:  6    Int:  7    God:
Gold:   240        SH:  0    Dex: 16    Spells: 6/6 levels left

rFire    + . .     SeeInvis .   a - +0 long sword
rCold    . . .     Gourm    .   (no shield)
rNeg     . . .     Faith    .   i - +0 plate armour
rPois    .         Spirit   .   c - +0 helmet
rElec    .         Reflect  .   (no cloak)
rCorr    .         Harm     .   r - +1 pair of gloves
MR       .....                  (no boots)
Stlth    ..........             w - amulet of regeneration
HPRegen  0.56/turn              z - +1 ring of evasion
MPRegen  0.10/turn              B - -2 ring of intelligence

@: no status effects
A: hooves 1, icy blue scales 1, demonic guardian 1, fire resistance 1
a: no special abilities


You were on level 4 of the Dungeon.
You were not hungry.

You visited 1 branch of the dungeon, and saw 4 of its levels.

You collected 240 gold pieces.

Inventory:

Hand Weapons
 a - a +0 long sword (weapon)
 s - a -3 blowgun
Missiles
 d - a throwing net (quivered)
 j - 19 poisoned needles
 n - 30 bolts
Armour
 b - a +0 leather armour
 c - a +0 helmet (worn)
 i - a +0 plate armour (worn)
 r - a +1 pair of gloves (worn)
 D - a +2 leather armour of magic resistance
Jewellery
 l - a +3 ring of evasion
 w - an amulet of regeneration (around neck)
 z - a +1 ring of evasion (left hand)
 B - a -2 ring of intelligence (right hand)
Wands
 y - a wand of digging (9)
 C - a wand of polymorph (5)
 E - a wand of enslavement (13)
Scrolls
 g - a scroll of blinking
 m - a scroll of amnesia {unknown}
 o - 2 scrolls of remove curse
 q - 2 scrolls of immolation {unknown}
 t - a scroll of teleportation {unknown}
Potions
 e - 7 potions of curing
 h - 2 potions of heal wounds
 k - a potion of might
 p - a potion of flight
 u - a potion of lignification {unknown}
 v - a potion of berserk rage {unknown}
 A - a potion of degeneration {unknown}
Comestibles
 f - 8 rations
 x - 3 chunks of flesh


   Skills:
 - Level 2.0 Fighting
 + Level 6.4 Long Blades
 - Level 1.7 Throwing
 - Level 3.1 Armour
 - Level 2.6 Dodging


You had 6 spell levels left.
You didn't know any spells.

Dungeon Overview and Level Annotations

Branches:
Dungeon (4/15)
 Temple: D:4-7

Altars:
Ashenzari


Innate Abilities, Weirdness & Mutations

You have large cloven feet.
You are partially covered in icy blue scales. (AC +2)
A weak demonic guardian rushes to your aid.
Your flesh is heat resistant. (rF+)


Message History

You kill the gnoll!
You have reached level 7!
The gnoll hits you but does no damage.
You slash the gnoll!
The gnoll is severely wounded.
The gnoll hits you but does no damage.
The gnoll hits you from afar with a spear.
You hit the gnoll.
The gnoll is almost dead.
Your shadow imp disappears in a puff of smoke!
The gnoll hits you but does no damage.
You are electrocuted!
The gnoll hits you but does no damage.
Your plate armour prevents you from hitting the gnoll.
Your kick misses the gnoll.
The gnoll is almost dead.
The gnoll hits you but does no damage.
You are electrocuted!
The gnoll barely misses you.
The gnoll hits you with a whip of electrocution.
You are electrocuted!
You die...

#........#
#..###..##
##..######
#.....#
#.....#
#.....#
#.....#
#.....#
#@##.#######
..
#g##.......#
....#
.g.+..#....+
....#
....#..#
...#
#####....#
....##..#
..#
.........
......####
## .........
.##....
.....## ##
##### .....#


You could see 2 gnolls.

Vanquished Creatures
  Sigmund (D:3)
  The ghost of VDreamerV the Insei, an amateur OpTm (D:3)
  Ijyb (D:4)
  An iguana (D:4)
  A worker ant (D:4)
  Natasha (twice) (D:3)
  Robin (D:3)
  2 gnolls (D:4)
  3 adders
  3 worms (D:2)
  5 dart slugs
  3 leopard geckos
  A ball python (D:3)
  2 giant cockroaches
  21 goblins
  9 hobgoblins
  7 jackals
  8 kobolds
  3 quokkas
  6 bats
  3 frilled lizards
  4 rats
88 creatures vanquished.

Vanquished Creatures (collateral kills)
  Natasha (D:3)
1 creature vanquished.

Grand Total: 89 creatures vanquished

Notes
Turn   | Place    | Note
-------+----------+-------------------------------------------
     0 | D:1      | ohad the Demonspawn Gladiator began the quest for the Orb.
     0 | D:1      | Reached XP level 1. HP: 16/16 MP: 1/1
   167 | D:1      | Reached skill level 3 in Long Blades
   245 | D:1      | Found a shattered altar of Ashenzari.
   285 | D:1      | Gained mutation: Your flesh is heat resistant. (rF+) [demonic ancestry]
   285 | D:1      | Reached XP level 2. HP: 22/22 MP: 2/2
   647 | D:1      | Reached skill level 1 in Armour
  1319 | D:2      | Gained mutation: You are partially covered in icy blue scales. (AC +2) [demonic ancestry]
  1319 | D:2      | Reached XP level 3. HP: 27/27 MP: 3/3
  1684 | D:2      | Gained mutation: A weak demonic guardian rushes to your aid. [demonic ancestry]
  1684 | D:2      | Reached XP level 4. HP: 9/33 MP: 4/4
  2920 | D:3      | Noticed Sigmund
  2947 | D:3      | Killed Sigmund
  2947 | D:3      | Reached skill level 5 in Long Blades
  2947 | D:3      | Gained mutation: You have large cloven feet. [demonic ancestry]
  2947 | D:3      | Reached XP level 5. HP: 32/38 MP: 5/5
  3258 | D:3      | Noticed VDreamerV's ghost (amateur OpTm)
  3310 | D:3      | Killed VDreamerV's ghost
  3310 | D:3      | Reached XP level 6. HP: 35/44 MP: 6/6
  3464 | D:3      | Noticed Natasha
  3469 | D:3      | Killed Natasha
  3711 | D:3      | Noticed Natasha
  3722 | D:3      | Killed Natasha
  3841 | D:3      | Noticed Robin
  3856 | D:3      | Killed Robin
  4001 | D:3      | Noticed Natasha
  4010 | D:3      | Killed Natasha
  4562 | D:4      | Reached skill level 6 in Long Blades
  4701 | D:4      | Noticed Ijyb
  4723 | D:4      | Killed Ijyb
  4901 | D:4      | Reached XP level 7. HP: 50/50 MP: 7/7
  4904 | D:4      | Slain by a gnoll

Vault maps used:
D:1:      nzn_arrival_settlement, minmay_misc_feat_rugged, ashenzari_altar_1
D:3:      kennysheep_goblin_castle, first_ration, uniq_sigmund, uniq_robin,
          uniq_natasha
D:4:      lemuel_doored_altar, uniq_ijyb

Skill      XL: |  1  2  3  4  5  6 |
---------------+-------------------+-----
Long Blades    | 3 5 6 |  6.4
Armour         | 2 3 |  3.1
Fighting       | |  2.0
Throwing       | |  1.7
Dodging        | |  2.6

Action                   |  1- 3 |  4- 6 |  7- 9 || total
-------------------------+-------+-------+-------++-------
Melee: Long sword        |   130 |   217 |     3 ||   350
       Kick              |       |    44 |       ||    44
 Fire: Blowgun           |       |     9 |       ||     9
Throw: Throwing net      |       |     2 |       ||     2
  Use: Scroll            |       |     6 |       ||     6
 Stab: Sleeping          |     1 |       |       ||     1
       Distracted        |       |     1 |       ||     1
  Eat: Chunk             |     3 |    10 |       ||    13
Armor: Leather armour    |     6 |       |       ||     6
       Plate armour      |   147 |   167 |     4 ||   318
Dodge: Dodged            |    45 |    90 |     1 ||   136
       Rpst.: Long sword |    17 |    20 |       ||    37

Table legend:
 A = Spawn XP
 B = Non-spawn XP
 C = Spawn XP percentage of total XP
 D = Spawn monster count
 E = Non-spawn monster count
 F = Spawn count percentage of total count
 G = Total turns spent on level
                    A         B        C        D         E        F      G
               +---------+---------+-------+---------+---------+-------+---------
         Total |       0 |     744 |   0.0 |       0 |      89 |   0.0 |  4904
               +---------+---------+-------+---------+---------+-------+---------
           D:1 |       0 |      40 |   0.0 |       0 |      22 |   0.0 |  1314
           D:2 |       0 |      79 |   0.0 |       0 |      22 |   0.0 |  1377
           D:3 |       0 |     470 |   0.0 |       0 |      36 |   0.0 |  1848
           D:4 |       0 |     155 |   0.0 |       0 |       9 |   0.0 |   365
               +---------+---------+-------+---------+---------+-------+---------
